 Dungeon Crawl Stone Soup version 0.21-a0-426-g98080a9 (webtiles) character file.

120124 drevant the Impaler (level 16, -2/147 HPs)
             Began as a Demonspawn Abyssal Knight on Nov 6, 2017.
             Was the Champion of Lugonu.
             Slain by a vampire mosquito (7 damage)
             ... on level 3 of the Swamp.
             The game lasted 01:31:09 (38477 turns).

drevant the Impaler (Demonspawn Abyssal Knight)    Turns: 38477, Time: 01:31:10

Health: -2/147     AC: 18    Str: 21    XL:     16   Next: 29%
Magic:  18/18      EV: 10    Int: 13    God:    Lugonu [******]
Gold:   2238       SH:  7    Dex: 12    Spells: 15/15 levels left

rFire    + . .     SeeInvis .   w - +4 demon trident (drain)
rCold    + . .     Gourm    .   Y - +0 buckler
rNeg     + . .     Faith    .   i - +3 chain mail {MR+}
rPois    +         Spirit   .   X - +1 hat
rElec    .         Reflect  .   O - scarf {repulsion}
rCorr    .         Harm     .   (gloves unavailable)
MR       ++...                  e - +2 pair of boots {run}
Stlth    +.........             r - amulet of Vitality {Regen+ HP+15}
HPRegen  0.74/turn              A - ring of Obbe {rF+ rN+}
MPRegen  0.16/turn              C - ring of Imid {rPois rC+}

@: grasped by roots, repel missiles, slow
A: claws 3, repulsion field 3, foul stench 1, nightstalker 3, rot immunity
a: Depart the Abyss, Bend Space, Banish, Corrupt, Enter the Abyss, Brand Weapon
With Distortion, Renounce Religion


You were on level 3 of the Swamp.
You worshipped Lugonu.
Lugonu was exalted by your worship.
You were near starving.

You visited 4 branches of the dungeon, and saw 26 of its levels.
You visited the Abyss 1 time.
You also visited: Sewer and Ice Cave.

You collected 3090 gold pieces.
You spent 852 gold pieces at shops.

Inventory:

Hand Weapons
 g - a +0 blowgun
 w - a +4 demon trident of draining (weapon)
 T - a +1 glaive of venom
Missiles
 u - 17 curare-tipped needles
Armour
 e - a +2 pair of boots of running (worn)
 i - a +3 chain mail of magic resistance (worn)
 y - a +0 helmet
 O - a scarf of repulsion (worn)
 X - a +1 hat (worn)
 Y - a +0 buckler (worn)
Jewellery
 j - an uncursed ring of protection from magic
 q - an uncursed ring of ice
 r - the amulet of Vitality (around neck) {Regen+ HP+15}
   (You found it on level 3 of the Dungeon)

   [amulet of regeneration]

   It affects your health (+15).
   It increases your rate of regeneration.
 A - the ring of Obbe (left claw) {rF+ rN+}
   (You found it on level 1 of the Swamp)

   [ring of protection from fire]

   It protects you from fire.
   It protects you from negative energy.
 C - the ring of Imid (right claw) {rPois rC+}
   (You bought it in a shop on level 14 of the Dungeon)

   [ring of poison resistance]

   It protects you from cold.
   It protects you from poison.
 M - an uncursed ring of resist corrosion
 U - an uncursed ring of protection from fire {unknown}
Wands
 d - a wand of polymorph (24/24)
 o - a wand of acid (9/15)
 H - a wand of iceblast (4/15)
 L - a wand of clouds (7/9)
 S - a wand of lightning (0/15)
 V - a wand of acid (8/15)
 Z - a wand of digging (8/24)
Scrolls
 h - 2 scrolls of recharging
 s - a scroll of fear
 t - 3 scrolls of identify
 v - 3 scrolls of magic mapping
 D - 5 scrolls of enchant armour
 F - 9 scrolls of amnesia
 I - 2 scrolls of blinking
 P - 3 scrolls of fog
 Q - 2 scrolls of teleportation
 R - 8 scrolls of remove curse
Potions
 b - a potion of resistance
 k - 5 potions of brilliance
 l - 2 potions of ambrosia
 m - 3 potions of lignification
 n - 4 potions of flight
 x - a potion of heal wounds
 z - 2 potions of agility
 B - 7 potions of mutation
 E - a potion of cancellation
 K - a potion of might
 N - 6 potions of curing
Books
 a - a book of Transfigurations

   Spells                             Type                      Level
   a - Irradiate                      Conjuration/Transmutation    5
   b - Statue Form                    Transmutation/Earth          6
   c - Hydra Form                     Transmutation                6
   d - Dragon Form                    Transmutation                7
 J - a book of Party Tricks

   Spells                             Type                      Level
   a - Summon Butterflies             Summoning                    1
   b - Apportation                    Translocation                1
   c - Lesser Beckoning               Translocation                3
   d - Tukima's Dance                 Hexes                        3
   e - Alistair's Intoxication        Transmutation/Poison         5
   f - Invisibility                   Hexes                        6
 W - a book of Air

   Spells                             Type                      Level
   a - Shock                          Conjuration/Air              1
   b - Swiftness                      Charms/Air                   2
   c - Static Discharge               Conjuration/Air              3
   d - Airstrike                      Air                          4
   e - Lightning Bolt                 Conjuration/Air              5
Comestibles
 c - 20 bread rations
 f - 14 meat rations
 p - 54 fruits
 G - a royal jelly


   Skills:
 - Level 13.9 Fighting
 - Level 15.7 Polearms
 + Level 8.9 Armour
 + Level 5.5 Dodging
 - Level 14.6 Shields
 * Level 3.1 Invocations


You had 15 spell levels left.
You didn't know any spells.

Dungeon Overview and Level Annotations

Branches:
Dungeon (15/15)            Temple (0/1) D:5            Lair (6/6) D:9
  Swamp (3/4) Lair:4       Spider (0/4) Lair:4        Slime (0/5) Lair:5
    Orc (2/2) D:12            Elf (0/3) Orc:2        Depths (0/5) D:15
 Vaults: D:13-14

Altars:
Ashenzari
Elyvilon
Fedhas
Kikubaaqudgha
Makhleb
Okawaru
Trog
Uskayaw
Xom
Yredelemnul
Zin
The Shining One

Shops:
D:6 !=   D:14 =   Orc:2 :%:!

Portals:
Hell: Lair:6
Trove: D:12 (give 7 scrolls of blinking)

Annotations:
D:2 1 runed door
Lair:5 exclusion: oklob plant


Innate Abilities, Weirdness & Mutations

You have claws for hands.
You are surrounded by a strong repulsion field. (EV +4, RMsl)
You may emit foul miasma when damaged in melee.
You are completely attuned to the shadows.
You are immune to rotting.


Message History

The thorn hunter closely misses you.
Okay, then.
Okay, then.
You feel much better.
The vampire mosquito bites you but does no damage. x2
You block the vampire mosquito's attack.
The spiny frog closely misses you.
The spriggan rider hits you from afar with a spear!
* * * LOW HITPOINT WARNING * * *
The vampire mosquito bites you but does no damage.
The thorn hunter fires a volley of thorns at you.
The volley of thorns hits you!
* * * LOW HITPOINT WARNING * * *
Okay, then.
As you read the scroll of fear, it crumbles to dust.
You assume a fearsome visage.
The thorn hunter is unaffected.
The vampire mosquito is unaffected. x5; The spiny frog looks frightened!
The shambling mangrove is unaffected.
The spriggan rider looks frightened!
The vampire mosquito bites you!
You die...

.♣..♣≈≈≈≈≈≈♣♣
≈≈≈≈..≈≈≈.≈≈.♣
♣≈.§≈≈.≈≈.≈♣.♣♣
♣≈≈≈≈≈........♣♣
♣.≈≈≈≈.≈≈.≈♣...♣♣
≈♣≈≈≈≈≈≈.≈≈.≈..♣
.≈..♣≈≈≈i..≈.♣.
≈≈.≈≈≈yff♣≈..♣
..≈.yy@y....
≈≈≈.≈Fy♣♣..≈
≈.≈...♣♣ ♣.≈
..♣≈≈.♣ ≈ ≈≈.<♣


You could see a thorn hunter, a shambling mangrove, a spriggan rider (fleeing),
a spiny frog (fleeing) and 5 vampire mosquitoes.

Vanquished Creatures
  A thorn hunter (Swamp:1)
  An orc warlord (D:12)
  A dire elephant (Lair:6)
  Snorg (D:12)
  2 ettins
  The ghost of Salmacis the Cleaver, a journeyman MiBe of Trog (D:10)
  Erolcha (D:9)
  12 hydras
  An ice dragon (D:13)
  A ghost crab (Swamp:1)
  A death yak (Lair:6)
  2 death knights
  3 centaur warriors
  Erica (D:8)
  8 two-headed ogres
  4 alligators
  4 orc high priests (Orc:2)
  A tengu warrior (D:14)
  Urug (Orc:1)
  3 ogre magi
  Nergalle (D:10)
  A fire crab (Lair:6)
  An unseen horror (shapeshifter) (D:14)
  4 skeletal warriors
  A wizard (Lair:6)
  A sixfirhy (Lair:6)
  An unseen horror (D:14)
  A swamp dragon (Swamp:2)
  Pikel (D:8)
  2 shambling mangroves (Swamp:1)
  4 deep elf magi
  5 orc knights
  10 ugly things
  2 wolf spiders
  6 orc sorcerers
  3 centaur zombies
  5 elephants (Lair:6)
  4 cyclopes
  An eye of devastation (Lair:5)
  Joseph (D:8)
  11 black mambas
  8 spiny frogs
  3 gargoyles
  A rime drake (shapeshifter) (D:14)
  2 kobold demonologists (D:15)
  An orange demon (Lair:6)
  3 rime drakes
  7 yaktaurs (D:15)
  A freezing wraith (D:15)
  14 komodo dragons
  An anaconda simulacrum (IceCv)
  A hellwing (Lair:6)
  An ice devil (Lair:6)
  3 red devils (Lair:6)
  A harpy zombie (D:15)
  5 polar bears
  9 trolls
  2 hornets
  A tyrant leech (Lair:4)
  Prince Ribbit (D:7)
  12 blink frogs
  7 slime creatures
  3 bog bodies
  10 hippogriffs
  A shadow (D:14)
  A spriggan (Swamp:2)
  A redback (Lair:4)
  15 flying skulls (D:15)
  2 water elementals (D:14)
  4 vampires
  4 wyverns
  A hungry ghost (D:9)
  6 wraiths
  40 yaks
  Grum (D:8)
  14 vampire mosquitoes
  2 basilisks
  Eustachio (D:4)
  A steam dragon (D:9)
  3 wargs
  4 hell hounds (Lair:6)
  12 swamp worms
  13 insubstantial wisps
  An iron troll simulacrum (IceCv)
  2 hydra simulacra (IceCv)
  11 porcupines
  2 acid dragons
  16 water moccasins
  4 swamp drakes
  3 slaves
  4 black bears
  30 orc warriors
  11 ice beasts
  2 phantoms
  7 sky beasts
  4 boggarts (Lair:4)
  9 ogres
  14 wolves
  13 centaurs
  2 eyes of draining
  18 crocodiles
  9 big kobolds
  19 bullfrogs
  3 gnoll sergeants
  A wyvern zombie (D:11)
  2 wyvern skeletons
  8 scorpions
  A water moccasin skeleton (D:5)
  A howler monkey (shapeshifter) (D:13)
  4 electric eels (D:14)
  2 crimson imps
  A quasit (D:11)
  3 jellies
  30 orc priests
  3 hounds
  4 centaur skeletons
  3 iguanas
  Ijyb (D:4)
  27 orc wizards
  9 hell rats
  15 worker ants
  3 hound skeletons
  2 worker ant zombies
  2 howler monkey zombies
  20 adders
  31 gnolls
  21 river rats
  2 shadow imps
  5 oozes
  2 adder skeletons
  2 adder zombies
  8 worms
  106 orcs
  5 giant cockroaches
  12 goblins
  16 hobgoblins
  13 jackals
  17 quokkas
  5 ball pythons
  9 bats
  5 frilled lizards
  21 kobolds
  31 rats
  A fungus (Lair:6)
977 creatures vanquished.

Vanquished Creatures (others)
  An ice dragon (D:13)
  A rime drake (Lair:6)
  A shadow imp (D:14)
  An adder skeleton (D:4)
  2 orcs (D:9)
  A quokka (D:4)
  18 fungi
  18 plants
43 creatures vanquished.

Grand Total: 1020 creatures vanquished

Notes
Turn   | Place    | Note
-------+----------+-------------------------------------------
     0 | Abyss:1  | drevant the Demonspawn Abyssal Knight began the quest for the Orb.
     0 | Abyss:1  | Reached XP level 1. HP: 18/18 MP: 2/2
    21 | Abyss:2  | Noticed a small abomination
    29 | D:1      | Escaped the Abyss
    95 | D:1      | Reached * piety under Lugonu
   174 | D:1      | Found a shimmering altar of Xom.
   184 | D:1      | Reached skill level 1 in Dodging
   269 | D:1      | Gained mutation: You have sharp fingernails. [demonic ancestry]
   269 | D:1      | Reached XP level 2. HP: 24/24 MP: 4/4
   350 | D:1      | Reached skill level 2 in Polearms
   838 | D:1      | Gained mutation: You are surrounded by a mild repulsion field. (EV +2) [demonic ancestry]
   838 | D:1      | Reached XP level 3. HP: 29/29 MP: 5/5
  1476 | D:2      | Gained mutation: You are immune to rotting. [demonic ancestry]
  1476 | D:2      | Reached XP level 4. HP: 37/37 MP: 6/6
  1555 | D:2      | Reached ** piety under Lugonu
  1760 | D:2      | Found a runed door.
  2141 | D:3      | Reached skill level 3 in Polearms
  2195 | D:3      | Found the amulet of Vitality {Regen+ HP+15}
  2293 | D:3      | Reached XP level 5. HP: 19/42 MP: 7/7
  2471 | D:3      | Found a faded altar of an unknown god.
  2582 | D:3      | Found a glowing drain.
  2615 | Sewer    | Entered a sewer
  2743 | Sewer    | Gained mutation: You may emit foul miasma when damaged in melee. [demonic ancestry]
  2743 | Sewer    | Reached XP level 6. HP: 28/50 MP: 8/8
  2956 | Sewer    | Reached skill level 5 in Fighting
  3014 | Sewer    | Reached skill level 4 in Polearms
  3018 | Sewer    | Reached *** piety under Lugonu
  3527 | Sewer    | Reached skill level 5 in Polearms
  3527 | Sewer    | Gained mutation: You have very sharp fingernails. [demonic ancestry]
  3527 | Sewer    | Reached XP level 7. HP: 31/58 MP: 9/9
  4842 | D:4      | Noticed Ijyb
  4853 | D:4      | Killed Ijyb
  5458 | D:4      | Noticed Eustachio
  5625 | D:4      | Found a white marble altar of Elyvilon.
  5665 | D:4      | Killed Eustachio
  5665 | D:4      | Reached skill level 6 in Polearms
  5665 | D:4      | Gained mutation: You are surrounded by a moderate repulsion field. (EV +3) [demonic ancestry]
  5665 | D:4      | Reached XP level 8. HP: 67/67 MP: 10/10
  5973 | D:5      | Entered Level 5 of the Dungeon
  6004 | D:5      | Reached **** piety under Lugonu
  6572 | D:5      | Found a staircase to the Ecumenical Temple.
  6657 | D:6      | Reached skill level 7 in Polearms
  6692 | D:6      | Found an ancient bone altar of Kikubaaqudgha.
  7055 | D:6      | Found Plog's Jewellery Emporium.
  7233 | D:6      | Noticed an angel
  7234 | D:6      | Found a glowing silver altar of Zin.
  7260 | D:6      | Found Ciggaome's Distillery.
  7297 | D:6      | Bought 2 potions of heal wounds for 100 gold pieces
  7297 | D:6      | Bought a potion of might for 40 gold pieces
  7297 | D:6      | Bought a potion of might for 40 gold pieces
  7297 | D:6      | Bought a potion of invisibility for 80 gold pieces
  7756 | D:7      | Found an iron altar of Okawaru.
  7856 | D:7      | Noticed Prince Ribbit
  7876 | D:7      | Killed Prince Ribbit
  7876 | D:7      | Gained mutation: You have claws for hands. [demonic ancestry]
  7876 | D:7      | Reached XP level 9. HP: 75/75 MP: 11/11
  7989 | D:7      | Reached ***** piety under Lugonu
  8223 | D:7      | Found a shattered altar of Ashenzari.
  8225 | D:7      | Found a blossoming altar of Fedhas.
  8226 | D:7      | Found a basalt altar of Yredelemnul.
  8226 | D:7      | Found a glowing golden altar of the Shining One.
  8260 | D:7      | Reached skill level 8 in Polearms
  8939 | D:8      | Noticed Joseph
  9023 | D:8      | Noticed Grum
  9091 | D:8      | Killed Joseph
  9091 | D:8      | Reached skill level 10 in Fighting
  9091 | D:8      | Reached skill level 9 in Polearms
  9162 | D:8      | Killed Grum
  9416 | D:8      | Noticed Pikel
  9607 | D:8      | Noticed Erica
  9671 | D:8      | Killed Erica
  9671 | D:8      | Reached XP level 10. HP: 86/86 MP: 12/12
  9705 | D:8      | Noticed a two-headed ogre
  9724 | D:8      | Killed a two-headed ogre
  9816 | D:8      | Reached skill level 10 in Polearms
 10508 | D:9      | HP: 5/102 [something (5)]
 10829 | D:9      | Noticed Erolcha
 11226 | D:9      | Got a warped falchion
 11244 | D:9      | Identified the +6 falchion "Gehimya" {pain, +Inv} (You found it on level 9 of the Dungeon)
 11359 | D:9      | You fall through a shaft for 2 floors!
 11540 | D:11     | Noticed a five-headed hydra
 11565 | D:11     | Killed a seven-headed hydra
 11565 | D:11     | Reached skill level 11 in Polearms
 11565 | D:11     | Reached XP level 11. HP: 26/95 MP: 13/13
 12200 | D:10     | Entered Level 10 of the Dungeon
 12431 | D:10     | Noticed Salmacis's ghost (journeyman MiBe)
 12721 | D:8      | Killed Pikel
 13135 | D:9      | Noticed a two-headed ogre
 13183 | D:9      | Killed a two-headed ogre
 13940 | D:11     | Noticed a red ugly thing
 13982 | D:11     | Noticed a death knight
 14022 | D:9      | Found a staircase to the Lair.
 14376 | D:9      | Killed Erolcha
 14409 | Lair:1   | Entered Level 1 of the Lair of Beasts
 14551 | Lair:1   | Reached skill level 12 in Polearms
 15900 | Lair:1   | Gained mutation: You are slightly more attuned to the shadows. [demonic ancestry]
 15900 | Lair:1   | Reached XP level 12. HP: 61/106 MP: 14/14
 17664 | Lair:3   | Reached skill level 13 in Polearms
 17925 | Lair:3   | Reached ****** piety under Lugonu
 18151 | Lair:3   | Reached skill level 5 in Armour
 19494 | Lair:4   | Identified the +7 falchion "Xierauma" {freeze, Str+2 Stlth+} (You found it on level 4 of the Lair of Beasts)
 19835 | Lair:4   | Noticed a six-headed hydra
 19864 | Lair:4   | Killed a six-headed hydra
 20040 | Lair:4   | Found a hole to the Spider Nest.
 20286 | Lair:4   | Found a staircase to the Swamp.
 20440 | Lair:5   | Noticed a six-headed hydra
 20563 | Lair:5   | Noticed an eight-headed hydra
 20638 | Lair:5   | Found a staircase to the Slime Pits.
 20849 | Lair:5   | Reached XP level 13. HP: 96/112 MP: 15/15
 20909 | Lair:5   | Reached skill level 14 in Polearms
 21650 | D:10     | Noticed Nergalle
 21675 | D:10     | Killed Nergalle
 22902 | Lair:5   | Found a glowing golden altar of the Shining One.
 23393 | Lair:6   | Entered Level 6 of the Lair of Beasts
 24025 | Lair:6   | Reached skill level 15 in Polearms
 24832 | Lair:6   | Noticed a dire elephant
 24908 | Lair:6   | Killed a dire elephant
 25077 | Lair:6   | Gained mutation: You are significantly more attuned to the shadows. [demonic ancestry]
 25077 | Lair:6   | Reached XP level 14. HP: 119/119 MP: 16/16
 25953 | Lair:6   | Found a burning altar of Makhleb.
 25959 | Lair:6   | Found a gateway to Hell.
 26372 | D:11     | Reached skill level 5 in Dodging
 27125 | D:10     | Killed Salmacis's ghost
 27125 | D:10     | Reached skill level 1 in Shields
 27363 | D:12     | Found a hide-covered altar of Uskayaw.
 27481 | D:12     | You fall through a shaft for 3 floors!
 27481 | D:15     | Entered Level 15 of the Dungeon
 28273 | D:12     | Reached skill level 5 in Shields
 28338 | D:12     | Found a staircase to the Orcish Mines.
 28467 | D:12     | Found a portal to a secret trove of treasure.
 29309 | Orc:1    | Entered Level 1 of the Orcish Mines
 29396 | Orc:1    | Noticed an orc warlord
 29585 | D:12     | Killed an orc warlord
 29761 | Orc:1    | Noticed Snorg
 29846 | D:12     | Killed Snorg
 30320 | Orc:1    | Noticed Urug
 30329 | Orc:1    | Killed Urug
 30486 | Orc:2    | Entered Level 2 of the Orcish Mines
 31142 | Orc:2    | Found a staircase to the Elven Halls.
 31593 | Orc:2    | Gained mutation: You are completely attuned to the shadows. [demonic ancestry]
 31593 | Orc:2    | Reached XP level 15. HP: 125/125 MP: 17/17
 31679 | Orc:2    | Found Hagg's Distillery.
 31679 | Orc:2    | Found Luuhutto's Book Shoppe.
 31681 | Orc:2    | Found Vuex's Food Boutique.
 31681 | Orc:2    | Found Umumu's Book Shoppe.
 31685 | Orc:2    | Bought a potion of lignification for 48 gold pieces
 31801 | D:13     | Reached skill level 10 in Shields
 32562 | D:13     | You fall through a shaft for 2 floors!
 32690 | D:15     | Found the +3 giant club "Skullcrusher" {speed, Str+7}
 33685 | D:15     | Found a staircase to the Depths.
 34235 | D:15     | Identified a scroll of acquirement
 34249 | D:15     | Identified a +2 pair of boots of running (You acquired it on level 15 of the Dungeon)
 35322 | D:14     | Found a bloodstained altar of Trog.
 35373 | D:14     | Found Zupt's Jewellery Shop.
 35381 | D:14     | Bought the ring of Imid {rPois rC+} for 544 gold pieces
 35674 | Swamp:1  | Entered Level 1 of the Swamp
 35703 | Swamp:1  | Got a slimy jade ring
 35704 | Swamp:1  | Identified the ring of Obbe {rF+ rN+} (You found it on level 1 of the Swamp)
 36042 | Swamp:1  | Found a frozen archway.
 36046 | IceCv    | Entered an ice cave
 36561 | Swamp:1  | Gained mutation: You are surrounded by a strong repulsion field. (EV +4, RMsl) [demonic ancestry]
 36561 | Swamp:1  | Reached XP level 16. HP: 117/132 MP: 18/18
 36696 | Swamp:1  | Noticed a thorn hunter
 36710 | Swamp:1  | Killed a thorn hunter
 38463 | Swamp:3  | Noticed a thorn hunter
 38476 | Swamp:3  | HP: 5/147 [thorn hunter/volley of thorns (29)]
 38477 | Swamp:3  | Slain by a vampire mosquito

Vault maps used:
D:1:      dpeg_arrival_castle, hex_intersection, xom_teletrap_fun
D:2:      first_bread, uniq_crazy_yiuf_cottage
D:3:      cheibrodos_sewer_entry_bend, chequers_ecumenical_altar_island,
          minmay_checkerbox
D:4:      elyvilon_altar_4, uniq_eustachio, uniq_ijyb
D:5:      temple_green, minivault_23
D:6:      corexii_shantytown, zin_angel, basic_altar, serial_shops, shop, shop
D:7:      okawaru_altar_gauntlet_db, grunt_temple_overflow_open,
          uniq_prince_ribbit1
D:8:      uniq_pikel, uniq_joseph, uniq_erica, uniq_grum
D:9:      minmay_lair_entry_grove, uniq_erolcha
D:10:     uniq_nergalle
D:11:     blue_anna_alchemist
D:12:     orc_0_dummy, enter_trove_6, basic_altar, minmay_librarian
D:13:     lightli_vaults_fourway_checkpoint, minmay_the_grid_2x2
D:14:     serial_shops, shop, serial_bayou, serial_bayou_pond_a,
          serial_bayou_shore_b, serial_bayou_shore_a, serial_bayou_pond_b,
          trog_ov_bears_minmay
D:15:     hangedman_depths_entry_civil_slaughter,
          minmay_guarded_unrand_skullcrusher
Lair:1:   grunt_megastairs_5
Lair:3:   lemuel_ratsnest
Lair:4:   swamp_mist, spider_nest_entry_webs, kilobyte_rumbling_trees
Lair:5:   minmay_slime_entry_eyes, lemuel_oklob_altar
Lair:6:   evil_forest, kennysheep_abandoned_house
Swamp:1:  portal_ice_cave_entry_pillars_three, evilmike_swamp_ruin_rubble_1
Swamp:2:  evilmike_swamp_ruin_house_4, infiniplex_staircase_pool
Swamp:3:  nicolae_swamp_trees_clearing, swamp_pool4
Orc:1:    nicolae_orc_crystal_geode, uniq_snorg, uniq_urug
Orc:2:    grunt_orc_tribal_feast
Abyss:2:  hangedman_summoners_spam
Sewer:    sewer_co_tree
IceCv:    ice_cave_statue_garden_chambered

Skill      XL: |  1  2  3  4  5  6  7  8  9 10 11 12 13 14 15 16 |
---------------+-------------------------------------------------+-----
Dodging        | 1 4 5 |  5.5
Polearms       | 2 3 5 6 7 9 11 12 13 15 | 15.7
Armour         | 2 7 8 |  8.9
Invocations    | 3 |  3.1
Fighting       | 4 6 7 8 10 12 13 | 13.9
Shields        | 9 13 14 | 14.6

Action                   |  1- 3 |  4- 6 |  7- 9 | 10-12 | 13-15 | 16-18 || total
-------------------------+-------+-------+-------+-------+-------+-------++-------
Melee: Spear             |    54 |   237 |  1019 |    84 |       |       ||  1394
       Glaive            |       |       |       |   519 |   382 |       ||   901
       Trident           |       |       |       |   643 |   141 |       ||   784
       Demon trident     |       |       |       |       |  1844 |   323 ||  2167
 Fire: Hunting sling     |    46 |   127 |    15 |     6 |       |       ||   194
       Blowgun           |       |       |    12 |       |     9 |       ||    21
Throw: Stone             |       |     1 |    10 |    10 |       |       ||    21
Invok: Depart the Abyss  |     1 |       |       |       |       |       ||     1
Evoke: Wand              |       |       |       |     5 |    16 |       ||    21
  Use: Scroll            |       |     3 |     3 |    22 |    25 |     3 ||    56
       Potion            |       |     3 |     5 |    11 |    14 |     1 ||    34
 Stab: Invisible         |       |       |       |    10 |       |       ||    10
  Eat: Chunk             |     2 |     2 |    20 |    26 |    40 |     5 ||    95
       Meat ration       |       |     1 |       |       |       |       ||     1
       Fruit             |       |       |       |     8 |     1 |       ||     9
       Royal jelly       |       |       |       |     4 |     5 |       ||     9
Armor: Leather armour    |    11 |       |       |       |       |       ||    11
       Scale mail        |       |    61 |   114 |       |       |       ||   175
       Ring mail         |       |     3 |       |       |       |       ||     3
       Chain mail        |       |       |   115 |   508 |   607 |    80 ||  1310
       Skin              |       |       |       |       |    27 |       ||    27
Dodge: Dodged            |    40 |    85 |   339 |   580 |   833 |   130 ||  2007
       Deflected         |       |       |     2 |    12 |    30 |     3 ||    47
Block: Buckler           |       |       |       |       |   306 |    67 ||   373

Table legend:
 A = Spawn XP
 B = Non-spawn XP
 C = Spawn XP percentage of total XP
 D = Spawn monster count
 E = Non-spawn monster count
 F = Spawn count percentage of total count
 G = Total turns spent on level
                    A         B        C        D         E        F      G
               +---------+---------+-------+---------+---------+-------+---------
         Total |       0 |  171606 |   0.0 |       0 |     975 |   0.0 | 38477
               +---------+---------+-------+---------+---------+-------+---------
           D:1 |       0 |      41 |   0.0 |       0 |      25 |   0.0 |   810
           D:2 |       0 |      96 |   0.0 |       0 |      20 |   0.0 |  1142
           D:3 |       0 |     162 |   0.0 |       0 |      30 |   0.0 |  1341
           D:4 |       0 |     717 |   0.0 |       0 |      17 |   0.0 |  1189
           D:5 |       0 |     497 |   0.0 |       0 |      15 |   0.0 |   620
           D:6 |       0 |     337 |   0.0 |       0 |      37 |   0.0 |   772
           D:7 |       0 |    1028 |   0.0 |       0 |      35 |   0.0 |  1254
           D:8 |       0 |    5187 |   0.0 |       0 |      32 |   0.0 |  2929
           D:9 |       0 |    5000 |   0.0 |       0 |      39 |   0.0 |  1650
          D:10 |       0 |    2506 |   0.0 |       0 |      16 |   0.0 |  1432
          D:11 |       0 |    6557 |   0.0 |       0 |      39 |   0.0 |  1812
          D:12 |       0 |   14522 |   0.0 |       0 |      52 |   0.0 |  2481
          D:13 |       0 |   10699 |   0.0 |       0 |      25 |   0.0 |   540
          D:14 |       0 |    9230 |   0.0 |       0 |      34 |   0.0 |  1291
          D:15 |       0 |   25686 |   0.0 |       0 |      77 |   0.0 |  1932
        Lair:1 |       0 |    5118 |   0.0 |       0 |      20 |   0.0 |  1887
        Lair:2 |       0 |    2555 |   0.0 |       0 |      11 |   0.0 |  1194
        Lair:3 |       0 |    6447 |   0.0 |       0 |      66 |   0.0 |  1853
        Lair:4 |       0 |    7401 |   0.0 |       0 |      36 |   0.0 |  2102
        Lair:5 |       0 |    8537 |   0.0 |       0 |      34 |   0.0 |  1674
        Lair:6 |       0 |   20842 |   0.0 |       0 |      74 |   0.0 |  2536
       Swamp:1 |       0 |   13823 |   0.0 |       0 |      31 |   0.0 |  1315
       Swamp:2 |       0 |    6663 |   0.0 |       0 |      27 |   0.0 |   866
         Orc:1 |       0 |    4089 |   0.0 |       0 |      55 |   0.0 |   741
         Orc:2 |       0 |   11641 |   0.0 |       0 |      90 |   0.0 |  1177
         Sewer |       0 |     638 |   0.0 |       0 |      28 |   0.0 |  1490
         IceCv |       0 |    1587 |   0.0 |       0 |      10 |   0.0 |   380
               +---------+---------+-------+---------+---------+-------+---------
